Map: Echo LE (Void)

Players

losira

  • Race: Zerg Zerg
  • Spawn Location: 5:00

INnoVation - Winner!

  • Race: Terran Terran
  • Spawn Location: 11:00

Event: IEM Season 11 - Gyeonggi

VOD

https://www.youtube.com/watch?v=kUc3MJxRPjI

Description

Time

  • Played on: Dec. 13, 2016, 10:23 p.m.
  • Length: 14:11

All games in this series

Show
View Real Time Build Order
Export as new Build Order

losira Zerg 

Build Orders: Pool First, Muta Ling Bane 

Get SALT Encoding   

  12  0:00  Drone  
  13  0:12  Overlord  
  13  0:16  Drone  
  14  0:30  Drone  
  14  0:31  Drone  
  16  0:35  Drone  
  17  0:43  Spawning Pool  
  17  0:47  Drone  
  17  1:07  Hatchery  
  17  1:10  Drone  
  17  1:14  Drone  
  18  1:29  Queen  
  18  1:30  Zergling x2  
  21  1:46  Hatchery  
  20  1:48  Extractor  
  20  1:50  Drone  
  20  1:54  Drone  
  20  1:57  Drone  
  22  2:03  Overlord  
  22  2:18  Queen  
  22  2:19  Drone  
  25  2:24  Drone x2  
  27  2:31  Drone  
  27  2:34  Drone  
  29  2:37  Drone  
  29  2:38  Drone  
  29  2:40  Drone  
  29  2:42  Drone  
  33  2:45  Drone  
  33  2:51  Drone  
  33  2:57  Queen  
  36  3:01  Drone  
  36  3:04  Queen  
  39  3:06  Drone  
  39  3:08  Drone  
  39  3:11  Overlord  
  41  3:19  Overlord  
  41  3:32  Metabolic Boost  
  41  3:35  Overlord  
  41  3:37  Drone  
  41  3:38  Drone  
  41  3:39  Drone x6  
  49  3:43  Overlord  
  49  3:47  Overlord  
  49  3:54  Drone  
  49  3:55  Drone, Queen x2  
  51  3:58  Zergling x2  
  51  3:59  Zergling x2  
  57  4:03  Queen  
  57  4:05  Zergling x2  
  57  4:06  Zergling x2  
  57  4:09  Zergling x2  
  63  4:10  Zergling x2  
  63  4:12  Drone  
  63  4:13  Zergling x4  
  63  4:14  Drone  
  67  4:18  Drone, Spore Crawler  
  67  4:19  Zergling x2  
  67  4:22  Zergling x4  
  67  4:24  Zergling x4  
  71  4:27  Zergling x2  
  71  4:28  Overlord  
  71  4:30  Overlord  
  73  4:36  Baneling Nest  
  73  4:37  Drone  
  73  4:45  Queen x2  
  73  4:49  Drone x4  
  73  4:52  Zergling x6  
  84  4:58  Drone x4  
  84  4:59  Overlord  
  88  5:06  Zergling x4  
  89  5:07  Overlord  
  89  5:12  Zergling x8  
  89  5:16  Overlord  
  89  5:17  Evolution Chamber  
  89  5:18  Drone x2  
  89  5:19  Evolution Chamber  
  89  5:21  Spore Crawler, Queen  
  89  5:25  Lair  
  89  5:27  Drone x2  
  92  5:28  Drone  
  92  5:30  Drone, Extractor  
  92  5:34  Drone  
  94  5:35  Spore Crawler  
  94  5:37  Zergling x4  
  94  5:40  Zergling x6  
  94  5:42  Baneling x5  
  98  5:47  Zergling x4  
  98  5:49  Zergling x6  
  102  5:50  Overlord  
  93  5:57  Drone  
  93  5:59  Zergling x4  
  93  6:01  Zergling x4  
  89  6:06  Queen  
  89  6:09  Zerg Melee Weapons Level 1  
  91  6:15  Drone x2  
  91  6:16  Extractor  
  91  6:17  Extractor  
  91  6:18  Drone x3  
  93  6:19  Drone x3  
  93  6:20  Drone  
  93  6:21  Drone x3  
  93  6:22  Extractor  
  93  6:23  Extractor  
  99  6:26  Drone x4  
  99  6:29  Zergling x2  
  104  6:36  Zerg Ground Armor Level 1, Overlord  
  104  6:51  Drone  
  104  6:52  Centrifical Hooks  
  104  6:53  Hatchery, Zergling x2  
  104  6:55  Zergling x2  
  104  6:56  Zergling x2  
  104  6:58  Drone  
  104  7:00  Hatchery  
  106  7:01  Zergling x4  
  106  7:08  Overlord  
  108  7:09  Pneumatized Carapace  
  108  7:13  Drone x2  
  108  7:15  Spire, Zergling x6  
  112  7:16  Zergling x2  
  112  7:19  Zergling x2  
  112  7:21  Zergling x2  
  112  7:22  Overlord, Zergling x2  
  114  7:26  Overlord  
  109  7:32  Drone x7  
  109  7:34  Zergling x4  
  116  7:42  Hatchery  
  115  7:47  Zergling x2  
  115  7:48  Zergling x8  
  118  7:53  Zergling x6  
  118  7:55  Baneling x2  
  118  7:56  Baneling x4  
  118  7:59  Zergling x8  
  118  8:00  Baneling x6  
  118  8:03  Zergling x4  
  118  8:05  Zerg Melee Weapons Level 2  
  124  8:13  Zergling x2  
  124  8:14  Zergling x2  
  118  8:25  Drone x5  
  124  8:27  Queen, Zergling x8  
  124  8:28  Zerg Flyer Armor Level 1  
  124  8:31  Zergling x4  
  131  8:38  Baneling x5  
  131  8:39  Baneling x2  
  131  8:40  Zergling x12  
  134  8:44  Overlord  
  133  8:51  Baneling x5, Overlord  
  133  8:52  Baneling x7  
  133  8:55  Mutalisk x4  
  133  8:59  Overlord  
  133  9:02  Baneling x7  
  141  9:04  Mutalisk  
  141  9:06  Zergling x2  
  144  9:11  Baneling x6  
  144  9:12  Baneling  
  144  9:15  Baneling x2  
  144  9:16  Zergling x10  
  149  9:19  Overseer  
  149  9:20  Zergling x2  
  149  9:21  Zergling x2  
  149  9:23  Zergling x2  
  153  9:24  Zergling x10  
  153  9:28  Zergling x8  
  153  9:29  Zergling x2  
  153  9:30  Zergling x2  
  158  9:35  Zergling x2  
  158  9:37  Zerg Ground Armor Level 2  
  153  9:38  Zergling x6  
  153  9:39  Zergling x2  
  156  9:45  Baneling  
  156  9:46  Baneling x8  
  156  9:52  Overseer  
  154  9:53  Zergling x2  
  154  9:54  Zergling x2  
  154  9:55  Baneling x4  
  154  9:57  Zergling x2  
  154  9:58  Zergling x2  
  154  9:59  Zergling x2  
  155  10:02  Zergling x4  
  155  10:04  Mutalisk  
  151  10:07  Zergling x2  
  151  10:08  Mutalisk  
  151  10:10  Zergling x2  
  151  10:12  Zergling x2  
  140  10:14  Zergling x2  
  140  10:15  Mutalisk, Zergling x2  
  140  10:20  Mutalisk  
  140  10:21  Zergling x12  
  147  10:22  Baneling  
  147  10:23  Baneling, Zergling x2  
  147  10:25  Zergling x2  
  147  10:27  Zergling x2  
  140  10:30  Zergling x4  
  140  10:31  Zergling x2  
  140  10:34  Baneling  
  140  10:35  Zergling x2  
  132  10:36  Zergling x2  
  132  10:37  Mutalisk  
  132  10:39  Mutalisk  
  132  10:42  Zergling x2  
  131  10:46  Mutalisk  
  131  10:48  Zergling x2  
  131  10:49  Baneling x2  
  127  10:50  Baneling x2  
  127  10:51  Baneling x2, Hatchery  
  127  10:53  Zergling x2  
  127  10:57  Drone x2, Mutalisk  
  127  11:00  Zergling x2  
  131  11:06  Mutalisk  
  131  11:10  Zergling x2  
  119  11:13  Zergling x2  
  119  11:14  Zergling x2  
  119  11:18  Zergling x8  
  125  11:28  Zergling x10  
  125  11:29  Hatchery, Zergling x2  
  125  11:30  Zergling x2  
  131  11:36  Zergling x2  
  131  11:38  Overseer  
  131  11:39  Baneling  
  132  11:40  Baneling x11  
  132  11:42  Overlord, Zergling x6  
  132  11:46  Overlord  
  135  11:52  Baneling  
  135  12:00  Hatchery  
  134  12:01  Zergling x2  
  134  12:02  Zergling x4  
  134  12:04  Zergling x4  
  134  12:08  Hatchery  
  139  12:09  Zergling x2  
  139  12:10  Mutalisk  
  139  12:11  Mutalisk  
  139  12:14  Baneling  
  139  12:15  Baneling x4  
  142  12:16  Zergling x2  
  141  12:25  Zergling x8  
  141  12:28  Zergling x2  
  141  12:29  Zergling x2  
  147  12:33  Mutalisk  
  147  12:35  Mutalisk  
  149  12:39  Mutalisk  
  148  12:47  Zergling x2  
  148  12:49  Mutalisk  
  149  12:53  Baneling x4  
  149  12:58  Baneling x3  
  149  12:59  Baneling  
  149  13:00  Zergling x2  
  149  13:02  Zergling x2  
  151  13:06  Baneling x4  
  151  13:10  Zergling x2  
  150  13:16  Zergling x2  
  150  13:19  Zergling x4  
  142  13:20  Overseer  
  142  13:22  Baneling x3  
  142  13:26  Zergling x6  
  145  13:35  Zergling x4  
  126  13:41  Baneling x5  
  126  13:45  Zergling x2  
  126  13:46  Zergling x2  
  126  13:47  Zergling x8  
  125  13:50  Zergling x4  
  125  13:52  Zergling x2  
Show
View Real Time Build Order
Export as new Build Order

INnoVation Terran - Winner!

Build Orders: Reaper Expand, MMM Bio 

Get SALT Encoding   

  12  0:00  SCV  
  13  0:12  SCV  
  14  0:17  Supply Depot  
  14  0:24  SCV  
  15  0:38  SCV  
  15  0:40  Barracks  
  16  0:43  Refinery  
  16  0:50  SCV  
  17  1:03  SCV  
  18  1:15  SCV  
  19  1:27  Orbital Command, Reaper  
  20  1:38  Command Center  
  20  1:50  Barracks  
  20  1:52  SCV  
  21  1:59  Barracks Reactor  
  21  2:04  SCV  
  22  2:09  Supply Depot  
  22  2:12  Refinery  
  22  2:16  SCV  
  22  2:22  Factory  
  23  2:31  SCV  
  23  2:35  Marine x2  
  26  2:37  Barracks Tech Lab  
  26  2:43  SCV  
  27  2:53  Marine  
  27  2:54  Marine  
  27  2:56  Marine, Stimpack  
  27  2:58  SCV  
  31  3:00  Orbital Command  
  31  3:10  SCV  
  32  3:15  Starport  
  32  3:20  Marine x2  
  32  3:21  Marine  
  32  3:23  Factory Reactor  
  32  3:26  SCV  
  36  3:27  SCV  
  37  3:35  Supply Depot  
  37  3:38  Marine x3  
  37  3:41  SCV  
  41  3:42  SCV  
  42  3:53  SCV  
  42  3:54  SCV  
  44  3:56  Marine x3  
  44  3:58  Supply Depot  
  44  4:01  Medivac x2  
  51  4:06  SCV x2  
  53  4:11  Engineering Bay  
  53  4:15  Marine  
  54  4:19  Marine x2  
  54  4:20  SCV  
  54  4:22  SCV, Supply Depot  
  58  4:26  Supply Depot  
  58  4:31  Medivac  
  60  4:33  Marine  
  60  4:37  Marine  
  62  4:39  Terran Infantry Weapons Level 1  
  62  4:44  Marine, SCV x2  
  65  4:45  Supply Depot  
  65  4:51  Marine  
  66  4:55  Marine  
  66  4:56  SCV x2  
  66  4:59  Combat Shields  
  69  5:02  Marine  
  69  5:11  Marine  
  69  5:12  SCV x2  
  69  5:13  Marine  
  72  5:17  Command Center  
  72  5:19  Marine, Factory Reactor  
  73  5:22  Supply Depot  
  73  5:24  SCV x2  
  73  5:26  Barracks  
  75  5:30  Marine  
  75  5:31  Marine  
  77  5:36  SCV x2  
  77  5:37  Marine  
  77  5:41  Barracks  
  80  5:43  Barracks  
  78  5:52  SCV x2  
  78  5:54  Marine  
  78  5:55  Marine x2  
  75  5:58  Widow Mine  
  75  5:59  Widow Mine  
  75  6:00  Refinery  
  75  6:01  Refinery  
  75  6:03  Medivac x2  
  70  6:04  SCV x2  
  69  6:12  Marine  
  69  6:13  Marine x2  
  69  6:15  Barracks Reactor  
  69  6:16  SCV x2  
  74  6:27  Widow Mine x2  
  74  6:30  Marine  
  74  6:31  Marine x2, SCV x2  
  74  6:32  Barracks Reactor  
  83  6:34  Barracks Reactor, Terran Infantry Armor Level 1  
  83  6:43  SCV x2  
  83  6:47  Armory  
  85  6:48  Marine x2, Engineering Bay  
  85  6:49  Marine  
  85  6:53  Marine x2, Orbital Command  
  85  6:54  Supply Depot  
  90  6:59  SCV x2  
  92  7:02  Medivac x2  
  92  7:04  Widow Mine  
  92  7:06  Marine x2, Widow Mine  
  102  7:11  Marine, SCV x2  
  105  7:16  Marine x4  
  105  7:21  SCV  
  110  7:23  SCV x2  
  110  7:24  Supply Depot  
  110  7:28  Marine x4  
  116  7:34  Widow Mine  
  117  7:45  SCV x2, Medivac x2, Widow Mine  
  117  7:46  Supply Depot  
  117  7:48  Terran Infantry Weapons Level 2  
  125  7:56  Supply Depot  
  125  8:00  Supply Depot  
  125  8:06  Barracks  
  125  8:07  Marine x5  
  125  8:08  Barracks, SCV, Marine x2  
  133  8:17  Barracks, Widow Mine x2  
  133  8:19  Medivac x2  
  136  8:22  Refinery  
  136  8:24  Supply Depot  
  136  8:27  Supply Depot  
  136  8:33  Marine x7, Marauder  
  145  8:41  Supply Depot x2  
  145  8:46  Marine  
  144  8:49  Widow Mine  
  144  8:50  Marine, Widow Mine  
  144  8:51  Marine x5  
  144  8:53  Supply Depot  
  144  8:54  Marauder  
  155  8:56  Terran Infantry Armor Level 2  
  155  8:57  Barracks Tech Lab, Barracks Reactor  
  155  9:01  Medivac x2  
  159  9:07  Marine  
  159  9:08  Marine x4  
  164  9:11  Barracks Reactor  
  163  9:18  Supply Depot, Widow Mine x2  
  163  9:19  Supply Depot  
  163  9:21  Marine  
  163  9:22  Marine, Marauder  
  163  9:23  Marine  
  163  9:24  Marine  
  173  9:25  Marine  
  173  9:28  SCV  
  173  9:29  SCV x2  
  148  9:41  SCV x2  
  148  9:42  Marine x5  
  148  9:43  Marine x4  
  159  9:51  Marine x5  
  160  10:00  Marine x8  
  160  10:05  Marine  
  164  10:09  Marine x2  
  146  10:14  Marine  
  146  10:15  Marine x2  
  146  10:18  Medivac x2  
  146  10:20  SCV x2  
  131  10:31  Marine x5  
  131  10:33  SCV x2  
  112  10:49  Medivac x2, Widow Mine x2  
  113  10:53  Marine x3  
  120  10:58  Missile Turret  
  120  11:04  Marine x3  
  115  11:13  SCV x2  
  115  11:15  Marine  
  115  11:16  Marine x5  
  115  11:18  Widow Mine x2  
  123  11:22  Marine x4  
  129  11:28  Supply Depot  
  129  11:32  Marine  
  130  11:35  Unknown x2  
  130  11:36  Medivac x2  
  130  11:38  Marine x7, Orbital Command  
  141  11:47  SCV x2  
  143  11:56  Widow Mine x2  
  143  11:58  Marine  
  143  11:59  Marine  
  148  12:06  Bunker  
  145  12:13  Marine x4, Marauder x2  
  145  12:14  Concussive Shells  
  153  12:20  Unknown  
  153  12:25  Marine  
  153  12:26  Marine x7  
  160  12:31  Widow Mine x2  
  160  12:33  Missile Turret  
  164  12:41  Medivac x2  
  164  12:42  Marine x6  
  170  12:50  Marine x7  
  176  13:02  Widow Mine  
  176  13:03  Widow Mine  
  176  13:05  Marine  
  181  13:06  Marauder, Marine x5  
  181  13:08  Marine x4  
  181  13:10  Marine x3  
  179  13:23  Marine x2  
  179  13:24  Marine x4  
  179  13:25  Marine  
  179  13:26  Marine, Medivac x2  
  179  13:27  Marine x3  
  191  13:28  Marine x2  
  191  13:31  Widow Mine  
  179  13:42  Marine x7  
  179  13:43  Marine  
  179  13:44  Marine x2  
  179  13:45  Marine  

Tags
 
Add a new tag
Caveats
  • Supply blocks, unpowered buildings, or Contaminate may cause inaccurate times.
  • Supply counts are checked every 10 seconds.